[Event "11th LCC FIDE Open 2019"]
[Site "London"]
[Date "2019.12.02"]
[Round "5.35"]
[White "Akots, Gabor"]
[Black "Ditmas, Hugh"]
[Result "*"]
[ECO "B22"]
[WhiteElo "2221"]
[BlackElo "1961"]
[Annotator "ChessBase"]
[PlyCount "32"]
[EventDate "2019.11.29"]
[EventType "swiss"]
[EventCountry "ENG"]
[SourceTitle "playchess.com"]
[Source "ChessBase"]
[SourceQuality "1"]
[TimeControl "40/5400+30:1800+30"]

1. e4 c5 2. c3 Nf6 3. e5 Nd5 4. d4 cxd4 5. Nf3 Nc6 6. Bc4 e6 7. cxd4 d6 8. O-O Be7 9. Qe2 O-O 10. Rd1 Bd7 11. Nc3 Nxc3 12. bxc3 dxe5 13. dxe5 Qc7 14. Bd3 Rfd8 15. h4 Be8 16. Bf4 Rd7 *

[Event "11th LCC FIDE Open 2019"]
[Site "London"]
[Date "2019.12.02"]
[Round "5.35"]
[White "Yoon, Jacob D"]
[Black "Dong, Bao Nghia"]
[Result "1-0"]
[ECO "C06"]
[WhiteElo "2037"]
[BlackElo "2217"]
[Annotator "ChessBase"]
[PlyCount "73"]
[EventDate "2019.11.29"]
[EventType "swiss"]
[EventCountry "ENG"]
[SourceTitle "playchess.com"]
[Source "ChessBase"]
[SourceQuality "1"]
[TimeControl "40/5400+30:1800+30"]

1. e4 e6 2. d4 d5 3. Nd2 Nf6 4. e5 Nfd7 5. Bd3 c5 6. c3 Nc6 7. Ne2 f6 8. Nf4 Qe7 9. Nf3 fxe5 10. dxe5 c4 11. Bc2 g6 12. Nxg6 Qg7 13. Nxh8 Qxh8 14. O-O h6 15. Re1 Bg7 16. Bf4 Nf8 17. b3 cxb3 18. axb3 Bd7 19. Nd4 Ne7 20. c4 dxc4 21. bxc4 a6 22. Qh5+ Kd8 23. Be4 Rb8 24. Bg3 Kc7 25. Bc2 Rd8 26. Qf7 Re8 27. Rab1 Qg8 28. Qf3 Nc6 29. Nb3 Bc8 30. Qc3 Nd7 31. Na5 Nd8 32. Bg6 Rf8 33. c5 Nc6 34. Nxc6 Kxc6 35. Be4+ Kc7 36. Qa5+ Kb8 37. Qxa6 1-0

[Event "11th LCC FIDE Open 2019"]
[Site "London"]
[Date "2019.12.02"]
[Round "5.36"]
[White "Yoon, Jacob D"]
[Black "Dong, Bao Nghia"]
[Result "*"]
[ECO "C06"]
[WhiteElo "2037"]
[BlackElo "2217"]
[Annotator "ChessBase"]
[PlyCount "28"]
[EventDate "2019.11.29"]
[EventType "swiss"]
[EventCountry "ENG"]
[SourceTitle "playchess.com"]
[Source "ChessBase"]
[SourceQuality "1"]
[TimeControl "40/5400+30:1800+30"]

1. e4 e6 2. d4 d5 3. Nd2 Nf6 4. e5 Nfd7 5. Bd3 c5 6. c3 Nc6 7. Ne2 f6 8. Nf4 Qe7 9. Nf3 fxe5 10. dxe5 c4 11. Bc2 g6 12. Nxg6 Qg7 13. Nxh8 Qxh8 14. O-O h6 *

[Event "11th LCC FIDE Open 2019"]
[Site "London"]
[Date "2019.12.02"]
[Round "5.36"]
[White "Flear, Christine"]
[Black "Rocco, Federico"]
[Result "1/2-1/2"]
[ECO "A60"]
[WhiteElo "2035"]
[BlackElo "2207"]
[Annotator "RC"]
[PlyCount "81"]
[EventDate "2019.11.29"]
[EventType "swiss"]
[EventCountry "ENG"]
[SourceTitle "playchess.com"]
[Source "ChessBase"]
[SourceQuality "1"]
[TimeControl "40/5400+30:1800+30"]

1. d4 Nf6 2. c4 e6 3. g3 c5 4. d5 exd5 5. cxd5 b5 6. Bg2 d6 7. a4 b4 8. b3 g6 9. Bb2 Bg7 10. e4 O-O 11. Ne2 Re8 12. f3 Ng4 13. Bxg7 Ne3 14. Qc1 Nxg2+ 15. Kf2 Kxg7 16. Kxg2 Nd7 17. h4 Qf6 18. Ra2 Ne5 19. Nf4 h5 20. a5 Ba6 21. Nd2 Rab8 22. Qb1 c4 23. bxc4 Nxc4 24. Nxc4 Bxc4 25. Rc2 Rec8 26. Rhc1 Qd4 27. Ne2 Bxe2 28. Rxc8 Rxc8 29. Rxc8 Bb5 30. Qc1 a6 31. Rc7 Bd3 32. Qf4 Qf6 33. Qd2 Qd4 34. Qf4 Qb2+ 35. Kh1 Qf6 36. Qe3 Qa1+ 37. Kh2 Qb2+ 38. Kg1 Qa1+ 39. Kh2 Qb2+ 40. Kg1 Qa1+ 41. Kh2 1/2-1/2

[Event "11th LCC FIDE Open 2019"]
[Site "London"]
[Date "2019.12.02"]
[Round "5.37"]
[White "Deaconu, Mihai Ionut"]
[Black "Manfay, Mate"]
[Result "0-1"]
[ECO "D19"]
[WhiteElo "1957"]
[BlackElo "2197"]
[Annotator "ChessBase"]
[PlyCount "76"]
[EventDate "2019.11.29"]
[EventType "swiss"]
[EventCountry "ENG"]
[SourceTitle "playchess.com"]
[Source "ChessBase"]
[SourceQuality "1"]
[TimeControl "40/5400+30:1800+30"]

1. d4 d5 2. c4 c6 3. Nc3 Nf6 4. Nf3 dxc4 5. a4 Bf5 6. e3 e6 7. Bxc4 Bb4 8. O-O Nbd7 9. Qe2 Bg6 10. Rd1 O-O 11. Ne1 Qe7 12. Nc2 Bxc2 13. Qxc2 e5 14. Ne2 Rad8 15. b3 Nb6 16. Bb2 Nxc4 17. Qxc4 e4 18. a5 a6 19. Bc3 Bd6 20. Ng3 Bxg3 21. hxg3 Nd5 22. Bb2 Rfe8 23. Ba3 Qg5 24. Kf1 Qh5 25. Ke1 Re6 26. Rac1 Rf6 27. Qe2 Qh1+ 28. Kd2 Qxg2 29. Rf1 Rf3 30. Bc5 h6 31. b4 Kh7 32. Ke1 Re8 33. Rc2 Re6 34. Qc4 Ref6 35. Re2 Nxe3 36. Rxe3 Rxf2 37. Re2 Qxf1+ 38. Kd2 Rxe2+ 0-1

[Event "11th LCC FIDE Open 2019"]
[Site "London"]
[Date "2019.12.02"]
[Round "5.38"]
[White "Deaconu, Mihai Ionut"]
[Black "Manfay, Mate"]
[Result "*"]
[ECO "D19"]
[WhiteElo "1957"]
[BlackElo "2197"]
[Annotator "ChessBase"]
[PlyCount "26"]
[EventDate "2019.11.29"]
[EventType "swiss"]
[EventCountry "ENG"]
[SourceTitle "playchess.com"]
[Source "ChessBase"]
[SourceQuality "1"]
[TimeControl "40/5400+30:1800+30"]

1. d4 d5 2. c4 c6 3. Nc3 Nf6 4. Nf3 dxc4 5. a4 Bf5 6. e3 e6 7. Bxc4 Bb4 8. O-O Nbd7 9. Qe2 Bg6 10. Rd1 O-O 11. Ne1 Qe7 12. Nc2 Bxc2 13. Qxc2 e5 *

[Event "11th LCC FIDE Open 2019"]
[Site "London"]
[Date "2019.12.02"]
[Round "5.40"]
[White "Chapman, Matt"]
[Black "Abrahams, Daniel"]
[Result "*"]
[ECO "A47"]
[WhiteElo "1937"]
[BlackElo "2185"]
[Annotator "ChessBase"]
[PlyCount "45"]
[EventDate "2019.11.29"]
[EventType "swiss"]
[EventCountry "ENG"]
[SourceTitle "playchess.com"]
[Source "ChessBase"]
[SourceQuality "1"]
[TimeControl "40/5400+30:1800+30"]

1. d4 Nf6 2. Nf3 e6 3. Bf4 c5 4. e3 b6 5. Nc3 cxd4 6. exd4 d6 7. Bb5+ Bd7 8. a4 Be7 9. O-O O-O 10. Re1 a6 11. Bxd7 Nbxd7 12. Qd3 Qc7 13. Ne4 Nxe4 14. Qxe4 Nf6 15. Qd3 Rfc8 16. c3 Qc6 17. Ng5 h6 18. Ne4 Nxe4 19. Qxe4 Qxe4 20. Rxe4 d5 21. Ree1 b5 22. axb5 axb5 23. Bd2 *

[Event "11th LCC FIDE Open 2019"]
[Site "London"]
[Date "2019.12.02"]
[Round "5.42"]
[White "Modi, Shyam Jagdish"]
[Black "Rogacewicz, Mikolaj"]
[Result "0-1"]
[ECO "E04"]
[WhiteElo "2124"]
[BlackElo "1921"]
[Annotator "ChessBase"]
[PlyCount "70"]
[EventDate "2019.11.29"]
[EventType "swiss"]
[EventCountry "ENG"]
[SourceTitle "playchess.com"]
[Source "ChessBase"]
[SourceQuality "1"]
[TimeControl "40/5400+30:1800+30"]

1. d4 e6 2. c4 Nf6 3. g3 d5 4. Nf3 dxc4 5. Bg2 Bb4+ 6. Bd2 a5 7. Qc2 Bxd2+ 8. Qxd2 c6 9. a4 Ne4 10. Qc2 Nd6 11. Ne5 Na6 12. Nd2 Nb4 13. Qc3 f6 14. Nef3 b5 15. O-O O-O 16. Ne1 Nd5 17. Qc1 Ra6 18. e4 Nb6 19. b3 cxb3 20. Nxb3 Nxa4 21. Nd3 Kh8 22. Rd1 Nc4 23. Rxa4 bxa4 24. Nbc5 Nd6 25. Nxa6 Bxa6 26. Nc5 Qc8 27. Qf4 Nb5 28. Bh3 Nc3 29. Rd2 Ne2+ 30. Rxe2 Bxe2 31. Nxe6 Qb7 32. Qc1 Rb8 33. Nf4 Qb1 34. Nxe2 Qxc1+ 35. Nxc1 Rb1 0-1

[Event "11th LCC FIDE Open 2019"]
[Site "London"]
[Date "2019.12.02"]
[Round "5.43"]
[White "Modi, Shyam Jagdish"]
[Black "Rogacewicz, Mikolaj"]
[Result "*"]
[ECO "E04"]
[WhiteElo "2124"]
[BlackElo "1921"]
[Annotator "ChessBase"]
[PlyCount "29"]
[EventDate "2019.11.29"]
[EventType "swiss"]
[EventCountry "ENG"]
[SourceTitle "playchess.com"]
[Source "ChessBase"]
[SourceQuality "1"]
[TimeControl "40/5400+30:1800+30"]

1. d4 e6 2. c4 Nf6 3. g3 d5 4. Nf3 dxc4 5. Bg2 Bb4+ 6. Bd2 a5 7. Qc2 Bxd2+ 8. Qxd2 c6 9. a4 Ne4 10. Qc2 Nd6 11. Ne5 Na6 12. Nd2 Nb4 13. Qc3 f6 14. Nef3 b5 15. O-O *

[Event "11th LCC FIDE Open 2019"]
[Site "London"]
[Date "2019.12.02"]
[Round "5.43"]
[White "Bucher, Grant W"]
[Black "Kuzhelev, Timur"]
[Result "1-0"]
[ECO "C36"]
[WhiteElo "2121"]
[BlackElo "1716"]
[Annotator "ChessBase"]
[PlyCount "141"]
[EventDate "2019.11.29"]
[EventType "swiss"]
[EventCountry "ENG"]
[SourceTitle "playchess.com"]
[Source "ChessBase"]
[SourceQuality "1"]
[TimeControl "40/5400+30:1800+30"]

1. e4 e5 2. f4 d5 3. exd5 exf4 4. Nf3 Nf6 5. Bc4 Nxd5 6. Nc3 Nxc3 7. dxc3 Qxd1+ 8. Kxd1 Bd6 9. Re1+ Kf8 10. Ne5 Bxe5 11. Rxe5 Nc6 12. Rc5 Bg4+ 13. Ke1 g5 14. Rxg5 f5 15. Bxf4 Re8+ 16. Kf2 Re4 17. Rxg4 fxg4 18. Bh6+ Ke7 19. Bd3 Re6 20. Bg5+ Kd7 21. Kg3 Kd6 22. Bf4+ Ne5 23. Rd1 Kc6 24. Bf5 Re7 25. Be4+ Kb6 26. Rd5 Nd7 27. Bf5 Nf6 28. Re5 Rhe8 29. Rxe7 Rxe7 30. Bg5 Rf7 31. Bxf6 Rxf6 32. Bxh7 Kc5 33. Kxg4 Rh6 34. Be4 Rxh2 35. Bxb7 c6 36. Kg3 Rh1 37. Ba6 Rb1 38. b3 Rb2 39. Bd3 Rxa2 40. Kf4 a5 41. g4 a4 42. bxa4 Rxa4+ 43. Kf5 Kd6 44. g5 Ke7 45. g6 Kf8 46. Ke6 Rf4 47. Kd6 Rf6+ 48. Kc5 Kg7 49. Kb6 Re6 50. c4 Kf6 51. c5 Kg7 52. Bf5 Re5 53. Bd7 Kxg6 54. Kxc6 Kf6 55. Kd6 Re2 56. c4 Rd2+ 57. Kc7 Ke7 58. Bb5 Rh2 59. c6 Rh7 60. c5 Rg7 61. Bc4 Rg1 62. Bd3 Rc1 63. Kb6 Rc3 64. c7 Rb3+ 65. Kc6 Rxd3 66. c8=Q Kf6 67. Qf8+ Ke5 68. Qe7+ Kd4 69. Qd6+ Kc4 70. Qxd3+ Kxd3 71. Kd5 1-0

[Event "11th LCC FIDE Open 2019"]
[Site "London"]
[Date "2019.12.02"]
[Round "5.44"]
[White "Dias, Savin"]
[Black "Bates, Caspar J"]
[Result "1-0"]
[ECO "C10"]
[WhiteElo "1916"]
[BlackElo "2120"]
[Annotator "ChessBase"]
[PlyCount "139"]
[EventDate "2019.11.29"]
[EventType "swiss"]
[EventCountry "ENG"]
[SourceTitle "playchess.com"]
[Source "ChessBase"]
[SourceQuality "1"]
[TimeControl "40/5400+30:1800+30"]

1. e4 e6 2. d4 d5 3. Nc3 Nc6 4. e5 b6 5. f4 Bb7 6. Nf3 Qd7 7. Bd3 O-O-O 8. Be3 f5 9. O-O Nh6 10. h3 Be7 11. Qd2 Kb8 12. Nd1 Nb4 13. Be2 c5 14. c3 Nc6 15. Nf2 c4 16. g4 Nf7 17. gxf5 exf5 18. Kh1 Rc8 19. Rg1 g6 20. Ng5 Ncd8 21. e6 Nxe6 22. Nxf7 Rhf8 23. Ne5 Qd8 24. Qc1 Bf6 25. Nf3 Qd6 26. Bd2 Rc7 27. Ng5 Nd8 28. Qc2 Qe7 29. Rae1 Qg7 30. Bd1 Bc8 31. Re2 Qh6 32. Kh2 Nb7 33. Ne6 Bxe6 34. Rxe6 Re7 35. Rxe7 Bxe7 36. Bf3 Rd8 37. Re1 Bd6 38. Qc1 Bc7 39. Kg2 Qh4 40. Nh1 Nd6 41. Bxd5 Ne4 42. Bxe4 fxe4 43. Rxe4 g5 44. Qe1 Qxe1 45. Rxe1 gxf4 46. Re4 Rg8+ 47. Kf2 Rf8 48. Kf3 Rg8 49. Bxf4 Bxf4 50. Rxf4 Rg1 51. Ng3 Ra1 52. Re4 Rxa2 53. Re2 a5 54. Ne4 Kc7 55. Nf6 h6 56. Ng4 h5 57. Nf6 h4 58. Nh5 b5 59. Rd2 Kd6 60. Ng7 b4 61. Ke2 b3 62. Nf5+ Kc6 63. d5+ Kd7 64. Ne3 Ra1 65. Nxc4 a4 66. d6 a3 67. Nxa3 Rh1 68. Nc4 Rh2+ 69. Ke3 Rxh3+ 70. Kf4 1-0

[Event "11th LCC FIDE Open 2019"]
[Site "London"]
[Date "2019.12.02"]
[Round "5.46"]
[White "Tanmay, Chopra"]
[Black "Chilton, James I"]
[Result "1-0"]
[ECO "A09"]
[WhiteElo "2082"]
[BlackElo "1711"]
[Annotator "NA RC"]
[PlyCount "113"]
[EventDate "2019.11.29"]
[EventType "swiss"]
[EventCountry "ENG"]
[SourceTitle "playchess.com"]
[Source "ChessBase"]
[SourceQuality "1"]
[TimeControl "40/5400+30:1800+30"]

1. Nf3 d5 2. c4 d4 3. d3 c5 4. g3 Nc6 5. Bg2 e5 6. O-O Nf6 7. Bg5 h6 {[%emt 0:00:42] A09: Réti Opening: 1 Nf3 d5 2 c4} (7... Be7 8. Na3 O-O 9. Nc2 h6 10. Bxf6 Bxf6 11. a3 a5 12. Rb1 Be7 13. e3 Bg4 14. h3 Be6 15. Re1 {½-½ (40) Cordova,E (2584)-Pogorelov,R (2417) Barcelona 2012}) 8. Bxf6 Qxf6 9. Na3 Bd6 10. Nd2 a6 $146 ({Predecessor:} 10... Qe7 11. Nc2 O-O 12. e3 dxe3 13. Nxe3 Nd4 14. Nd5 Qd8 15. Ne4 {1-0 (52) Glaeser,W (2129)-Pantel,H (1834) Buesum 2017}) 11. e3 Bf5 12. Ne4 Qe7 13. exd4 cxd4 14. c5 Bxc5 15. Nxc5 Qxc5 16. Rc1 Qa7 17. Rxc6 bxc6 18. Bxc6+ Bd7 19. Bxa8 Qxa8 20. Re1 O-O 21. Rxe5 Bc6 22. f4 Bf3 23. Qf1 f6 24. Re1 g5 25. Qh3 (25. Nc2 $16) 25... h5 26. Qe6+ Kh8 27. fxg5 Bd5 28. Qe2 Bf3 29. Qe7 Bh1 30. Re2 fxg5 31. Qe5+ Kh7 32. Qxg5 Qf3 33. Re7+ Rf7 34. Rxf7+ Qxf7 35. Qf4 Qd5 36. Qf2 h4 37. Nc2 h3 38. Nxd4 Kg8 39. b3 Bg2 40. Qe3 Qc5 41. Kf2 Qc3 42. Ne2 Qc2 43. Qe6+ Kh8 44. Ke3 Bf1 $2 (44... Qxa2 45. Qf6+ Kg8 46. Qe6+ Kf8 47. Qc8+ Ke7 48. Qc7+ Kf6 49. Qc3+ Ke6 50. Qc8+ Ke7 51. Qc7+ Ke8 52. Qc8+ Ke7) 45. Qf6+ Kg8 46. Qxf1 Qxa2 47. Qxh3 Qxb3 48. Qc8+ Kh7 49. Qxa6 Qd1 50. Qb7+ Kh8 51. Qc8+ Kh7 52. g4 Qh1 53. Qf5+ Kh8 54. Qe5+ Kg8 55. d4 Qg2 56. d5 Qxg4 57. Qg3 1-0

[Event "11th LCC FIDE Open 2019"]
[Site "London"]
[Date "2019.12.02"]
[Round "5.46"]
[White "Auyeung, Chi Hung Jonathan"]
[Black "Pollack, Oscar"]
[Result "*"]
[ECO "A25"]
[WhiteElo "1770"]
[BlackElo "2112"]
[Annotator "ChessBase"]
[PlyCount "26"]
[EventDate "2019.11.29"]
[EventType "swiss"]
[EventCountry "ENG"]
[SourceTitle "playchess.com"]
[Source "ChessBase"]
[SourceQuality "1"]
[TimeControl "40/5400+30:1800+30"]

1. c4 g6 2. g3 Bg7 3. Bg2 e5 4. Nc3 Nc6 5. e4 d6 6. Nge2 Nge7 7. O-O h5 8. d3 h4 9. Be3 Nd4 10. Nb5 c5 11. Nexd4 cxd4 12. Bd2 a6 13. Qa4 Nc6 *

[Event "11th LCC FIDE Open 2019"]
[Site "London"]
[Date "2019.12.02"]
[Round "5.47"]
[White "Coote, Trevor D"]
[Black "Grey, Nicholas D"]
[Result "0-1"]
[ECO "B07"]
[WhiteElo "2075"]
[BlackElo "1692"]
[Annotator "NA RC"]
[PlyCount "102"]
[EventDate "2019.11.29"]
[EventType "swiss"]
[EventCountry "ENG"]
[SourceTitle "playchess.com"]
[Source "ChessBase"]
[SourceQuality "1"]
[TimeControl "40/5400+30:1800+30"]

1. d4 Nf6 2. Nc3 d6 3. e4 g6 4. Be2 Bg7 5. Be3 O-O 6. Qd2 c6 7. Bh6 {[%emt 0:07:25] B07: Pirc Defence: Miscellaneous Systems} b5 8. a3 Bb7 (8... e5 9. d5 cxd5 10. exd5 Bxh6 11. Qxh6 {0-1 (66) Kelires,A (2530)-Saric,I (2689) Rio Achaea 2018}) 9. h4 $146 ({Predecessor:} 9. Bxg7 Kxg7 10. h4 Qa5 11. O-O-O b4 12. Qg5 Qxg5+ 13. hxg5 bxc3 14. gxf6+ exf6 15. bxc3 {1-0 (48) Raabe,H (1425)-Baier,J (1448) Dortmund 2001}) 9... c5 10. Bxg7 Kxg7 11. dxc5 dxc5 12. Qxd8 Rxd8 13. f3 a6 14. g4 Nc6 15. Nh3 Nd4 16. Bd1 Rac8 17. O-O Nd7 18. Nf4 Nb6 19. b3 a5 20. Rf2 c4 21. Nce2 e5 22. Nxd4 exd4 23. Rd2 Rd7 24. Kf2 Rcd8 25. Be2 d3 26. cxd3 cxb3 27. Rb2 a4 28. Rc1 Rc8 29. Rxc8 Bxc8 30. Ke3 Rc7 31. Kd2 f6 32. Bd1 g5 33. hxg5 fxg5 34. Ne2 Be6 35. Nd4 Bd7 36. Ne2 b4 37. axb4 Be6 38. Nd4 Bf7 39. Nb5 Rd7 40. Na3 Nc4+ 41. Nxc4 Bxc4 42. Kc3 Bf7 43. d4 Rc7+ 44. Kd2 a3 (44... Ra7 $142 45. Bxb3 Bxb3) 45. Rxb3 Bxb3 46. Bxb3 Rc8 47. e5 Rf8 48. Ke3 Rb8 $2 (48... Ra8 49. Ke4 a2 50. Bxa2 Rxa2) 49. e6 (49. Kd3 $142 Rxb4 50. Kc3) 49... Rxb4 50. Ba2 Kf6 51. d5 Ke7 0-1

[Event "11th LCC FIDE Open 2019"]
[Site "London"]
[Date "2019.12.02"]
[Round "5.49"]
[White "Zymberi, Astrit"]
[Black "Varsha, Ramesh"]
[Result "1/2-1/2"]
[ECO "E44"]
[WhiteElo "2148"]
[BlackElo "1669"]
[Annotator "ChessBase"]
[PlyCount "48"]
[EventDate "2019.11.29"]
[EventType "swiss"]
[EventCountry "ENG"]
[SourceTitle "playchess.com"]
[Source "ChessBase"]
[SourceQuality "1"]
[TimeControl "40/5400+30:1800+30"]

1. d4 Nf6 2. c4 e6 3. Nc3 Bb4 4. e3 b6 5. Nge2 Bb7 6. a3 Be7 7. d5 O-O 8. g3 b5 9. Bg2 bxc4 10. e4 Na6 11. O-O Nc5 12. e5 Nxd5 13. Nxd5 Bxd5 14. Bxd5 exd5 15. Qxd5 Nd3 16. f4 Qb8 17. Be3 Qxb2 18. Nd4 Qc3 19. Nf5 Bxa3 20. Bd4 Qb3 21. Rab1 Qa4 22. Ra1 Qb3 23. Rab1 Qa4 24. Ra1 Qb3 1/2-1/2

[Event "11th LCC FIDE Open 2019"]
[Site "London"]
[Date "2019.12.02"]
[Round "5.50"]
[White "Jukes, Sam"]
[Black "Brozel, Sacha"]
[Result "0-1"]
[ECO "E11"]
[WhiteElo "1899"]
[BlackElo "2188"]
[Annotator "RC"]
[PlyCount "80"]
[EventDate "2019.11.29"]
[EventType "swiss"]
[EventCountry "ENG"]
[SourceTitle "playchess.com"]
[Source "ChessBase"]
[SourceQuality "1"]
[TimeControl "40/5400+30:1800+30"]

1. d4 Nf6 2. c4 e6 3. Nf3 Bb4+ 4. Bd2 c5 5. Bxb4 cxb4 6. e3 O-O 7. Bd3 d6 8. O-O Qe7 9. Nbd2 e5 10. Qb1 Re8 11. c5 dxc5 12. dxe5 Ng4 13. Nc4 Nc6 14. Bxh7+ Kf8 15. Be4 Ncxe5 16. Ncxe5 Nxe5 17. Qc2 Rb8 18. Rac1 b6 19. Nxe5 Qxe5 20. Bc6 Bf5 21. Qe2 Re6 22. Bd7 Re7 23. Bxf5 Qxf5 24. Rfd1 Rd7 25. Rxd7 Qxd7 26. Rd1 Qe6 27. Qd3 Kg8 28. b3 a5 29. Kf1 a4 30. Qd6 Qxd6 31. Rxd6 Kf8 32. Ke2 Ke7 33. Rd3 b5 34. Kd2 c4 35. Rd4 Rc8 36. bxc4 bxc4 37. Kc2 b3+ 38. Kc3 Rb8 39. axb3 cxb3 40. Kb2 a3+ 0-1

[Event "11th LCC FIDE Open 2019"]
[Site "London"]
[Date "2019.12.02"]
[Round "5.51"]
[White "Wilks, Simon"]
[Black "Finn, Peter"]
[Result "1-0"]
[ECO "C96"]
[WhiteElo "2071"]
[BlackElo "1895"]
[Annotator "NA"]
[PlyCount "49"]
[EventDate "2019.11.29"]
[EventType "swiss"]
[EventCountry "ENG"]
[SourceTitle "playchess.com"]
[Source "ChessBase"]
[SourceQuality "1"]
[TimeControl "40/5400+30:1800+30"]

1. e4 c5 2. Nf3 Nc6 3. Bb5 e5 4. O-O Bd6 5. Bc4 Nf6 6. Re1 O-O 7. d3 Be7 8. c3 d6 9. h3 Na5 10. Bb5 a6 11. Ba4 b5 12. Bc2 Bb7 13. d4 exd4 14. cxd4 d5 15. e5 Ne4 16. Nbd2 Nxd2 17. Qxd2 c4 18. Qf4 Bc8 19. Qg3 Kh8 20. Bf4 h6 21. e6 Nc6 22. exf7 g5 23. Bc7 Qd7 24. Ne5 Bd6 25. Bxd6 1-0

[Event "11th LCC FIDE Open 2019"]
[Site "London"]
[Date "2019.12.02"]
[Round "5.53"]
[White "Orgler, Philipp"]
[Black "Lohia, Sohum"]
[Result "1-0"]
[ECO "D36"]
[WhiteElo "2047"]
[BlackElo "1889"]
[Annotator "NA"]
[PlyCount "55"]
[EventDate "2019.11.29"]
[EventType "swiss"]
[EventCountry "ENG"]
[SourceTitle "playchess.com"]
[Source "ChessBase"]
[SourceQuality "1"]
[TimeControl "40/5400+30:1800+30"]

1. d4 d5 2. c4 e6 3. Nc3 Nf6 4. cxd5 exd5 5. Bg5 Nbd7 6. e3 c6 7. Bd3 Be7 8. Nf3 O-O 9. Qc2 h6 10. Bh4 Re8 11. O-O Ne4 12. Bg3 Nxg3 13. hxg3 Nf6 14. Rab1 a5 15. a3 Bd6 16. Na4 Ne4 17. b4 Qe7 18. Nb6 Ra7 19. b5 Bxa3 20. bxc6 bxc6 21. Ne5 Bb7 22. Bxe4 dxe4 23. Nxc6 Bxc6 24. Qxc6 Qe6 25. Qa4 Bb4 26. Rxb4 Ra6 27. d5 Qe7 28. Rb5 1-0

[Event "11th LCC FIDE Open 2019"]
[Site "London"]
[Date "2019.12.02"]
[Round "5.54"]
[White "Orgler, Philipp"]
[Black "Lohia, Sohum"]
[Result "*"]
[ECO "D36"]
[WhiteElo "2047"]
[BlackElo "1889"]
[Annotator "NA"]
[PlyCount "34"]
[EventDate "2019.11.29"]
[EventType "swiss"]
[EventCountry "ENG"]
[SourceTitle "playchess.com"]
[Source "ChessBase"]
[SourceQuality "1"]
[TimeControl "40/5400+30:1800+30"]

1. d4 d5 2. c4 e6 3. Nc3 Nf6 4. cxd5 exd5 5. Bg5 Nbd7 6. e3 c6 7. Bd3 Be7 8. Nf3 O-O 9. Qc2 h6 10. Bh4 Re8 11. O-O Ne4 12. Bg3 Nxg3 13. hxg3 Nf6 14. Rab1 a5 15. a3 Bd6 16. Na4 Ne4 17. b4 Qe7 *

[Event "11th LCC FIDE Open 2019"]
[Site "London"]
[Date "2019.12.02"]
[Round "5.54"]
[White "Vaddadi, Seshagiri"]
[Black "Gopakumar, Siddharth"]
[Result "0-1"]
[ECO "B28"]
[WhiteElo "2042"]
[BlackElo "1848"]
[Annotator "NA RC"]
[PlyCount "98"]
[EventDate "2019.11.29"]
[EventType "swiss"]
[EventCountry "ENG"]
[SourceTitle "playchess.com"]
[Source "ChessBase"]
[SourceQuality "1"]
[TimeControl "40/5400+30:1800+30"]

1. e4 c5 2. Nf3 a6 3. d4 cxd4 4. Nxd4 Nf6 5. Nc3 e5 6. Nf3 Bb4 7. Bg5 Bxc3+ 8. bxc3 d6 9. Qd3 Qc7 10. Rd1 Nbd7 11. Bxf6 Nxf6 12. Qxd6 Qxd6 13. Rxd6 Nxe4 14. Rd5 f6 15. Nxe5 Be6 16. Rd4 Nxc3 17. Nc4 O-O 18. Bd3 b5 19. Ne3 Rfd8 20. Rxd8+ Rxd8 21. a3 Rd4 22. Kd2 Ne4+ 23. Ke2 Nc5 24. Bf5 Bxf5 25. Nxf5 Ra4 26. Rd1 Rxa3 27. Rd5 Ne6 28. Rd7 Kf8 29. g3 Rc3 30. Kd2 Rc7 31. Rd6 Nc5 32. Ke3 a5 33. Kd4 Nb7 34. Rb6 Rd7+ 35. Kc3 b4+ 36. Kc4 Rc7+ 37. Kb3 Nc5+ 38. Ka2 Nd7 39. Nd4 Rxc2+ 40. Nxc2 Nxb6 41. Kb3 Ke7 42. Nd4 Kd7 43. Nf5 g6 44. Nd4 Kd6 45. Ne2 Kc5 46. Nf4 a4+ 47. Kb2 Kc4 48. h4 a3+ 49. Ka2 Nd5 0-1

[Event "11th LCC FIDE Open 2019"]
[Site "London"]
[Date "2019.12.02"]
[Round "5.55"]
[White "Mugalu, Hassan"]
[Black "Chakanyuka, Charles"]
[Result "1-0"]
[ECO "A46"]
[WhiteElo "1836"]
[BlackElo "2036"]
[Annotator "NA RC"]
[PlyCount "129"]
[EventDate "2019.11.29"]
[EventType "swiss"]
[EventCountry "ENG"]
[SourceTitle "playchess.com"]
[Source "ChessBase"]
[SourceQuality "1"]
[TimeControl "40/5400+30:1800+30"]

1. d4 d6 2. Bf4 g6 3. e3 Bg7 4. Nf3 c5 5. c3 cxd4 6. cxd4 Nf6 7. Nc3 O-O 8. Be2 Nc6 {[%emt 0:02:39] A46: 1 d4 Nf6 2 Nf3 e6: Torre, London and Colle Systems} 9. h3 (9. O-O Bf5 10. h3 Rc8 11. Rc1 Qb6 12. Na4 Qa5 13. Nc3 Nb4 14. Qd2 Nbd5 15. Nxd5 Qxd5 16. b3 {½-½ (68) Grachev,B (2654)-Artemiev,V (2692) Sochi 2017}) 9... a6 10. Rc1 $146 ({Predecessor:} 10. O-O b5 11. Rc1 Bb7 12. Bg5 Rc8 13. a3 Na5 14. Nd2 h6 15. Bh4 g5 16. Bg3 {1-0 (52) Martinez Arroyo,L (1871)-Valdeblanquez,J (2014) San Andres Isla 2015}) 10... Qb6 11. Qd2 Nb4 12. Bc4 d5 13. Bb3 Bf5 14. O-O Nd3 15. Na4 Qb5 16. Rc7 Nxf4 17. exf4 Rac8 18. Nc3 Qb4 19. Rxc8 Rxc8 20. Nxd5 Nxd5 21. Bxd5 Qxd2 22. Nxd2 Rc2 23. Nf3 Rxb2 24. Bb3 Bc2 25. Bxc2 Rxc2 26. a4 Kf8 27. Rb1 Rc7 28. Rb6 Ke8 29. Kf1 e6 30. Ne5 Bxe5 31. dxe5 Kd8 32. Rb4 Kc8 33. a5 Rc2 34. Ra4 Kc7 35. g3 h5 36. Kg2 Kc6 37. Ra3 Rc4 38. Kf3 b5 39. axb6 Kxb6 40. g4 a5 41. Kg3 a4 42. Rd3 h4+ 43. Kxh4 Rxf4 44. Kg3 Rc4 45. h4 Rc1 46. Kf4 Kb5 47. Kg5 Rg1 48. Rd7 a3 49. Rxf7 Kb6 50. Rf3 a2 51. Ra3 a1=Q 52. Rxa1 Rxa1 53. Kxg6 Ra4 54. f3 Kc6 55. h5 Kd5 56. h6 Kxe5 57. g5 Ra7 58. h7 Ra8 59. Kh6 $11 Kf5 60. f4 e5 61. g6 Ra1 62. fxe5 Rh1+ 63. Kg7 Rg1 64. h8=Q Rxg6+ 65. Kf7 1-0

[Event "11th LCC FIDE Open 2019"]
[Site "London"]
[Date "2019.12.02"]
[Round "5.56"]
[White "Mugalu, Hassan"]
[Black "Chakanyuka, Charles"]
[Result "*"]
[ECO "A46"]
[WhiteElo "1836"]
[BlackElo "2036"]
[Annotator "NA"]
[PlyCount "30"]
[EventDate "2019.11.29"]
[EventType "swiss"]
[EventCountry "ENG"]
[SourceTitle "playchess.com"]
[Source "ChessBase"]
[SourceQuality "1"]
[TimeControl "40/5400+30:1800+30"]

1. d4 d6 2. Bf4 g6 3. e3 Bg7 4. Nf3 c5 5. c3 cxd4 6. cxd4 Nf6 7. Nc3 O-O 8. Be2 Nc6 9. h3 a6 10. Rc1 Qb6 11. Qd2 Nb4 12. Bc4 d5 13. Bb3 Bf5 14. O-O Nd3 15. Na4 Qb5 *